 Dungeon Crawl Stone Soup version 0.21-a0-404-g291f19a (webtiles) character file.

10155 kae the Geomancer (level 11, -2/59 HPs)
             Began as a Gargoyle Earth Elementalist on Oct 27, 2017.
             Was a Priest of Vehumet.
             Slain by Urug
             ... wielding a +0 demon trident of venom
              (12 damage)
             ... on level 2 of the Lair of Beasts.
             The game lasted 00:15:12 (14011 turns).

kae the Geomancer (Gargoyle Earth Elementalist)    Turns: 14011, Time: 00:15:13

Health: -2/59      AC: 14    Str: 11    XL:     11   Next: 57%
Magic:  6/23       EV: 12    Int: 20    God:    Vehumet [***...]
Gold:   651        SH:  7    Dex: 10    Spells: 17/26 levels left

rFire    . . .     SeeInvis .   i - +4 whip (flame)
rCold    + . .     Gourm    .   L - +0 buckler
rNeg     + . .     Faith    .   E - +2 robe {rC+}
rPois    ∞         Spirit   .   (no helmet)
rElec    +         Reflect  +   (no cloak)
rCorr    .         Harm     .   (no gloves)
MR       .....                  a - +1 pair of boots
Stlth    ++........             q - +3 amulet of reflection
HPRegen  0.19/turn              H - ring of flight
MPRegen  0.18/turn              (no ring)

@: no status effects
A: negative energy resistance 1, electricity resistance, unbreathing,
petrification resistance, rot immunity, AC +8
a: Renounce Religion, Evoke Flight


You were on level 2 of the Lair of Beasts.
You worshipped Vehumet.
Vehumet was most pleased with you.
You were not hungry.

You visited 3 branches of the dungeon, and saw 13 of its levels.

You collected 651 gold pieces.

Inventory:

Hand Weapons
 i - a +4 whip of flaming (weapon)
Missiles
 b - 127 stones (quivered)
Armour
 a - a +1 pair of boots (worn)
 E - a +2 robe of cold resistance (worn)
 L - a +0 buckler (worn)
Magical Staves
 I - an uncursed staff of power
Jewellery
 h - an uncursed ring of fire
 q - a +3 amulet of reflection (around neck)
 x - the amulet "Vof Lumn" {Reflect rElec MP-9 Int+2 SH+5 Stlth+}
   (You found it on level 4 of the Dungeon)

   [amulet of reflection]

   It shields you and reflects attacks.
   It affects your intelligence (+2).
   It insulates you from electricity.
   It affects your magic capacity (-9).
   It affects your SH (+5).
   It makes you more stealthy.
 H - a ring of flight (left hand)
 P - an uncursed amulet of guardian spirit
 Q - a cursed amulet of inaccuracy
Wands
 c - a wand of paralysis (11/24)
 z - a wand of paralysis (13/24)
 A - a wand of flame (30/48)
 C - a wand of lightning (1/15)
 D - a wand of confusion (23/48)
 J - a wand of iceblast (5/15)
 M - a wand of random effects (20/48)
 N - a wand of random effects (26/48)
Scrolls
 g - 4 scrolls of magic mapping
 l - 5 scrolls of remove curse
 r - 3 scrolls of fog
 v - a scroll of recharging
 B - 2 scrolls of teleportation
 G - a scroll of enchant armour
Potions
 j - a potion of invisibility
 k - a potion of magic
 m - 3 potions of agility
 p - a potion of resistance
 t - 2 potions of lignification
 u - 2 potions of curing
 w - 4 potions of haste
 K - a potion of brilliance {unknown}
Books
 e - a book of Geomancy

   Spells                             Type                      Level
   a - Sandblast                      Earth                        1
   b - Passwall                       Transmutation/Earth          2
   c - Stone Arrow                    Conjuration/Earth            3
   d - Petrify                        Transmutation/Earth          4
   e - Lee's Rapid Deconstruction     Earth                        5
 s - a book of Power

   Spells                             Type                      Level
   a - Iskenderun's Battlesphere      Conjuration/Charms           5
   b - Venom Bolt                     Conjuration/Poison           5
   c - Bolt of Magma                  Conjuration/Fire/Earth       5
   d - Iron Shot                      Conjuration/Earth            6
   e - Orb of Destruction             Conjuration                  7
   f - Spellforged Servitor           Conjuration/Summoning        7
 y - a book of Maledictions

   Spells                             Type                      Level
   a - Corona                         Hexes                        1
   b - Ensorcelled Hibernation        Hexes/Ice                    2
   c - Confuse                        Hexes                        3
   d - Tukima's Dance                 Hexes                        3
   e - Dazzling Spray                 Conjuration/Hexes            3
 O - a book of Beasts

   Spells                             Type                      Level
   a - Summon Butterflies             Summoning                    1
   b - Call Canine Familiar           Summoning                    3
   c - Summon Ice Beast               Ice/Summoning                4
   d - Summon Mana Viper              Hexes/Summoning              5
   e - Summon Hydra                   Summoning                    7
 R - a book of Changes

   Spells                             Type                      Level
   a - Beastly Appendage              Transmutation                1
   b - Sticks to Snakes               Transmutation                2
   c - Spider Form                    Transmutation/Poison         3
   d - Ice Form                       Ice/Transmutation            4
   e - Blade Hands                    Transmutation                5
Comestibles
 d - 7 bread rations
 f - 3 royal jellies
 n - 4 meat rations
 o - 29 fruits
 F - 3 chunks of flesh


   Skills:
 + Level 2.8 Fighting
   Level 3.4 Long Blades
 + Level 5.8 Maces & Flails
 + Level 2.7 Armour
 + Level 2.7 Dodging
 - Level 2.1 Stealth
 - Level 4.0 Shields
 + Level 8.4 Spellcasting
 + Level 9.3 Conjurations
   Level 0.7 Transmutations
 + Level 11.1 Earth Magic


You had 17 spell levels left.
You knew the following spells:

 Your Spells              Type           Power        Failure   Level  Hunger
a - Sandblast             Erth           ######       1%          1    None
b - Stone Arrow           Conj/Erth      #####.       1%          3    None
c - Lee's Rapid Deconstr  Erth           ######....   1%          5    #####..


Dungeon Overview and Level Annotations

Branches:
Dungeon (10/15)            Temple (1/1) D:7            Lair (2/6) D:10
  Swamp: Lair:2-4    Shoals: Lair:2-4     Snake: Lair:2-4    Spider: Lair:2-4
    Orc: D:9-12

Altars:
Ashenzari
Cheibriados
Dithmenos
Elyvilon
Fedhas
Gozag
Hepliaklqana
Kikubaaqudgha
Makhleb
Nemelex Xobeh
Okawaru
Qazlal
Ru
Sif Muna
Trog
Uskayaw
Vehumet
Wu Jian
Xom
Yredelemnul
Zin
The Shining One

Annotations:
Lair:2 Urug


Innate Abilities, Weirdness & Mutations

You are resistant to torment.
Your stone body is resilient. (AC +8)
You are immune to poison.
You resist negative energy. (rN+)
You are resistant to electric shocks. (rElec)
You can survive without breathing.
You are immune to petrification.
You are immune to rotting.


Message History

Casting: Sandblast
Confirm with . or Enter, or press ? or * to list all spells.
Aiming: Sandblast
Press: ? - help, Shift-Dir - straight line, f/p - Urug
Aim: Urug, wielding a demon trident of venom and wearing a chain mail (heavily wounded)
The blast of sand hits Urug.
Urug is severely wounded.
b - 128 stones Urug hits you with a demon trident of venom!
* * * LOW HITPOINT WARNING * * *
Casting: Sandblast
Confirm with . or Enter, or press ? or * to list all spells.
Aiming: Sandblast
Press: ? - help, Shift-Dir - straight line, f/p - Urug
Aim: Urug, wielding a demon trident of venom and wearing a chain mail (severely wounded)
The blast of sand hits Urug.
Urug is severely wounded.
b - 127 stones Urug hits you with a demon trident of venom!
You die...

#..######P...#..##
#.........######
#.#...#....##
##P#......#### ..P
###.........## ....
##.........# #...#
#.#........### ...#
###..........# ....#
##........@###...#
#.........o##....#P.
#..........(.....o..
##...........P......
#...........###.####
#...........# #
#...........#
.....#.......#
...####......#


You could see Urug.

Vanquished Creatures
  Pikel (D:6)
  A black mamba (Lair:1)
  Psyche (D:8)
  A komodo dragon (Lair:1)
  Prince Ribbit (D:7)
  8 blink frogs
  2 hippogriffs
  Sigmund (D:6)
  8 yaks
  A wyvern (D:10)
  Grum (D:10)
  3 wargs (D:10)
  3 water moccasins
  A black bear (D:9)
  6 orc warriors
  2 ice beasts
  2 porcupines (Lair:1)
  A phantom (D:9)
  An eye of draining (D:10)
  A sky beast (D:6)
  A slave (D:6)
  2 ogres
  2 wolves (D:10)
  5 centaurs
  4 crocodiles
  A big kobold (D:9)
  7 bullfrogs
  A wyvern skeleton (D:8)
  A scorpion (D:4)
  3 wights (D:9)
  A bullfrog zombie (D:7)
  A crimson imp (D:9)
  4 hounds
  9 orc priests
  A jelly (D:10)
  14 orc wizards
  2 centaur skeletons
  Terence (D:3)
  Natasha (twice) (D:2)
  5 iguanas
  5 worker ants
  A hound skeleton (D:8)
  A worker ant zombie (D:8)
  8 adders
  A howler monkey skeleton (D:5)
  A shadow imp (D:9)
  An ooze (D:3)
  An adder skeleton (D:6)
  2 worms
  4 dart slugs
  5 leopard geckos
  55 orcs
  A bat zombie (D:9)
  6 giant cockroaches
  5 goblins
  5 hobgoblins
  6 jackals
  2 quokkas
  11 bats
  2 frilled lizards
  11 kobolds
  A quokka zombie (D:6)
  9 rats
  A rat zombie (D:9)
258 creatures vanquished.

Vanquished Creatures (others)
  A slave (D:6)
  A bullfrog (D:6)
  An orc wizard (D:6)
  A plant (Lair:2)
4 creatures vanquished.

Grand Total: 262 creatures vanquished

Notes
Turn   | Place    | Note
-------+----------+-------------------------------------------
     0 | D:1      | kae the Gargoyle Earth Elementalist began the quest for the Orb.
     0 | D:1      | Reached XP level 1. HP: 10/10 MP: 3/3
   229 | D:1      | Reached XP level 2. HP: 11/15 MP: 5/5
   233 | D:1      | Reached skill level 4 in Earth Magic
   868 | D:1      | Reached XP level 3. HP: 12/19 MP: 3/6
   873 | D:1      | Learned a level 3 spell: Stone Arrow
  1901 | D:2      | Noticed Natasha
  1912 | D:2      | Killed Natasha
  1912 | D:2      | Reached skill level 1 in Conjurations
  1912 | D:2      | Reached XP level 4. HP: 23/24 MP: 3/8
  2065 | D:2      | Noticed Natasha
  2076 | D:2      | Killed Natasha
  2076 | D:2      | Reached skill level 5 in Earth Magic
  2335 | D:3      | Noticed Terence
  2345 | D:3      | Killed Terence
  2345 | D:3      | Reached XP level 5. HP: 28/28 MP: 0/9
  3357 | D:4      | Reached XP level 6. HP: 30/32 MP: 6/11
  3394 | D:4      | Reached skill level 1 in Long Blades
  3575 | D:4      | Got a coiled copper amulet
  3636 | D:4      | Found a deep blue altar of Sif Muna.
  4059 | D:5      | Entered Level 5 of the Dungeon
  4064 | D:5      | Identified the amulet "Vof Lumn" {Reflect rElec MP-9 Int+2 SH+5 Stlth+} (You found it on level 4 of the Dungeon)
  4462 | D:5      | Reached skill level 6 in Earth Magic
  4462 | D:5      | Reached XP level 7. HP: 25/36 MP: 10/13
  5332 | D:6      | Noticed Sigmund
  5589 | D:6      | Found a sparkling altar of Nemelex Xobeh.
  5589 | D:6      | Found a stormy altar of Qazlal.
  5647 | D:6      | Noticed Pikel
  5663 | D:6      | Killed Pikel
  5663 | D:6      | Reached skill level 5 in Spellcasting
  5663 | D:6      | Reached skill level 5 in Conjurations
  5663 | D:6      | Reached skill level 7 in Earth Magic
  5663 | D:6      | Reached XP level 8. HP: 41/41 MP: 6/15
  5841 | D:6      | Found a glowing silver altar of Zin.
  5925 | D:6      | Got a ripped robe
  6151 | D:6      | Reached skill level 1 in Maces & Flails
  6852 | D:6      | Killed Sigmund
  6852 | D:6      | Reached XP level 9. HP: 40/45 MP: 11/17
  7003 | D:6      | Found an ornate altar of the Wu Jian Council.
  7287 | D:7      | Reached skill level 8 in Earth Magic
  7478 | D:7      | Found an opulent altar of Gozag.
  7568 | D:7      | Noticed Prince Ribbit
  7673 | D:7      | Found a staircase to the Ecumenical Temple.
  7791 | Temple   | Entered the Ecumenical Temple
  7932 | Temple   | Became a worshipper of Vehumet
  8291 | D:7      | Killed Prince Ribbit
  8741 | D:8      | Identified the +1 robe "Worphusai" {MR- Dex+6 Slay-5 SInv} (You found it on level 6 of the Dungeon)
  9004 | D:8      | Reached skill level 1 in Shields
  9094 | D:8      | Found a blossoming altar of Fedhas.
  9144 | D:8      | Noticed Psyche
  9398 | D:8      | Learned a level 5 spell: Lee's Rapid Deconstruction
  9401 | D:8      | Killed Psyche
  9593 | D:9      | Reached skill level 9 in Earth Magic
  9730 | D:9      | Reached * piety under Vehumet
  9730 | D:9      | Offered knowledge of Flame Tongue by Vehumet.
  9745 | D:9      | Reached XP level 10. HP: 34/50 MP: 7/20
 10339 | D:9      | Reached skill level 5 in Maces & Flails
 10636 | D:9      | Reached ** piety under Vehumet
 10636 | D:9      | Offered knowledge of Sting by Vehumet.
 10838 | D:9      | Found an ancient bone altar of Kikubaaqudgha.
 10866 | D:10     | Entered Level 10 of the Dungeon
 11299 | D:10     | Reached skill level 10 in Earth Magic
 11403 | D:10     | Noticed Grum
 11414 | D:10     | Killed Grum
 11436 | D:10     | Offered knowledge of Mephitic Cloud by Vehumet.
 11573 | D:10     | Found a staircase to the Lair.
 12013 | D:10     | Reached *** piety under Vehumet
 12466 | Lair:1   | Entered Level 1 of the Lair of Beasts
 12472 | Lair:1   | Reached XP level 11. HP: 54/54 MP: 16/23
 12589 | Lair:1   | Reached skill level 1 in Fighting
 12589 | Lair:1   | Reached skill level 1 in Armour
 13333 | Lair:1   | Reached skill level 11 in Earth Magic
 13993 | Lair:2   | Noticed Urug
 14011 | Lair:2   | Slain by Urug

Vault maps used:
D:1:      dpeg_arrival_rooms_with_view
D:2:      uniq_natasha
D:3:      uniq_terence
D:4:      led_sif_book
D:5:      first_bread
D:6:      lemuel_coloured_pillars_altar, lemuel_round_altar,
          gammafunk_temple_overflow_elements, nicolae_underground_beach,
          uniq_sigmund, uniq_pikel
D:7:      nicolae_gozag_cash_rules_everything_around_me,
          minmay_temple_entry_enclosed_plants, uniq_prince_ribbit1
D:8:      marbit_many_paths, uniq_psyche
D:9:      lemuel_zombie_altar_kikubaaqudgha, blue_anna_alchemist
D:10:     erik_lair_orcish_takeover, uniq_grum
Temple:   eino_narrow_crystal_temple
Lair:2:   minmay_hedge_maze, uniq_urug

Skill      XL: |  1  2  3  4  5  6  7  8  9 10 11 |
---------------+----------------------------------+-----
Earth Magic    | 4 5 6 7 9 10 11 | 11.1
Spellcasting   | 3 4 5 6 8 |  8.4
Conjurations   | 1 2 3 5 7 8 9 |  9.3
Long Blades    | 1 3 |  3.4
Maces & Flails | 2 4 5 |  5.8
Shields        | 3 4 |  4.0
Fighting       | 2 |  2.8
Armour         | 2 |  2.7
Dodging        | 2 |  2.7
Stealth        | |  2.1
Transmutations | |  0.7

Action                   |  1- 3 |  4- 6 |  7- 9 | 10-12 || total
-------------------------+-------+-------+-------+-------++-------
Melee: Unarmed           |   190 |    48 |       |       ||   238
       Falchion          |       |   155 |    29 |       ||   184
       Whip              |       |       |   166 |   158 ||   324
 Cast: Sandblast         |    31 |    29 |    81 |   124 ||   265
       Stone Arrow       |       |       |    16 |    73 ||    89
       Lee's Rapid Decon |       |       |     1 |     2 ||     3
  Use: Scroll            |     7 |     7 |     6 |     7 ||    27
       Potion            |       |       |     3 |     1 ||     4
 Stab: Sleeping          |     3 |     1 |     2 |       ||     6
  Eat: Chunk             |     3 |     8 |    17 |    14 ||    42
       Fruit             |       |     1 |     1 |       ||     2
Armor: Robe              |    97 |   107 |    87 |    59 ||   350
Dodge: Dodged            |   187 |   179 |    90 |   107 ||   563
Block: Buckler           |       |       |    32 |    75 ||   107
       Reflection        |       |       |     1 |     8 ||     9
       Rpst.: Falchion   |       |    44 |     3 |       ||    47

Table legend:
 A = Spawn XP
 B = Non-spawn XP
 C = Spawn XP percentage of total XP
 D = Spawn monster count
 E = Non-spawn monster count
 F = Spawn count percentage of total count
 G = Total turns spent on level
                    A         B        C        D         E        F      G
               +---------+---------+-------+---------+---------+-------+---------
         Total |       0 |   14508 |   0.0 |       0 |     257 |   0.0 | 14011
               +---------+---------+-------+---------+---------+-------+---------
           D:1 |       0 |      46 |   0.0 |       0 |      28 |   0.0 |  1414
           D:2 |       0 |     102 |   0.0 |       0 |      19 |   0.0 |   921
           D:3 |       0 |     130 |   0.0 |       0 |      22 |   0.0 |   936
           D:4 |       0 |     233 |   0.0 |       0 |       9 |   0.0 |   788
           D:5 |       0 |     401 |   0.0 |       0 |      17 |   0.0 |  1126
           D:6 |       0 |    1451 |   0.0 |       0 |      18 |   0.0 |  1977
           D:7 |       0 |     438 |   0.0 |       0 |       6 |   0.0 |  1026
           D:8 |       0 |    1121 |   0.0 |       0 |      19 |   0.0 |  1114
           D:9 |       0 |    2615 |   0.0 |       0 |      60 |   0.0 |  1407
          D:10 |       0 |    2632 |   0.0 |       0 |      34 |   0.0 |  1600
        Lair:1 |       0 |    3890 |   0.0 |       0 |      19 |   0.0 |  1341
        Lair:2 |       0 |    1449 |   0.0 |       0 |       6 |   0.0 |   204
               +---------+---------+-------+---------+---------+-------+---------
